 Dungeon Crawl Stone Soup version 0.17.0-15-g6d90897 (webtiles) character file.

10143 dorian the Arsonist (level 11, -1/74 HPs)
             Began as a Purple Draconian Fire Elementalist on Nov 10, 2015.
             Was a High Priest of Vehumet.
             Slain by Harold
             ... wielding a +0 dire flail
              (6 damage)
             ... on level 11 of the Dungeon.
             The game lasted 00:39:37 (12216 turns).

dorian the Arsonist (DrFE)                         Turns: 12216, Time: 00:39:38

Health: -1/74      AC: 15    Str: 12    XL:     11   Next: 32%
Magic:  17/20      EV: 12    Int: 18    God:    Vehumet [*****.]
Gold:   573        SH:  0    Dex: 11    Spells: 6 memorised, 1 level left

rFire  . . .     SeeInvis .     z - +3 halberd
rCold  . . .     Clarity  .     (armour unavailable)
rNeg   . . .     SustAt   .     (shield currently unavailable)
rPois  +         Gourm    .     (helmet restricted)
rElec  .         Spirit   .     (no cloak)
rCorr  .         Warding  .     j - +1 pair of gloves
rMut   .         Stasis   .     A - +2 pair of boots
MR     +....                    H - amulet of faith
Stlth  ++........               S - +3 ring of protection
                                I - ring of poison resistance

@: somewhat resistant to hostile enchantments, unstealthy
A: breathe power, unfitting armour, cold-blooded, AC +7
a: Breathe Dispelling Energy, Renounce Religion


You were on level 11 of the Dungeon.
You worshipped Vehumet.
Vehumet was extremely pleased with you.
You were hungry.

You visited 1 branch of the dungeon, and saw 11 of its levels.

You collected 573 gold pieces.

Inventory:

Hand Weapons
 z - a +3 halberd (weapon)
 E - a +2 morningstar of freezing
Missiles
 Q - 9 tomahawks (quivered)
Armour
 j - a +1 pair of gloves (worn)
 t - a steam dragon hide
 A - a +2 pair of boots (worn)
Jewellery
 c - an uncursed ring of flight
 g - a +3 ring of evasion
 m - an uncursed ring of see invisible
 y - an uncursed ring of protection from magic
 H - an amulet of faith (around neck)
 I - a ring of poison resistance (left hand)
 L - an uncursed ring of positive energy
 S - a +3 ring of protection (right hand)
Wands
 d - a wand of frost (33)
 D - a wand of paralysis (8)
 M - a wand of fire (8)
 P - a wand of digging (9)
 T - a wand of invisibility (4)
Scrolls
 i - 7 scrolls of identify
 k - a scroll of blinking
 l - 2 scrolls of fog
 o - 2 scrolls of teleportation
 v - 3 scrolls of amnesia
 w - a scroll of remove curse
 C - 4 scrolls of recharging
 U - a scroll of immolation
 Y - a scroll of fear
Potions
 e - 4 potions of cancellation {unknown}
 f - a potion of flight {unknown}
 h - a potion of invisibility {unknown}
 n - 3 potions of might {unknown}
 p - a potion of ambrosia {unknown}
 q - a potion of lignification {unknown}
 r - a potion of resistance {unknown}
 s - 3 potions of degeneration {unknown}
 u - a potion of mutation {unknown}
 x - 2 potions of curing
 F - 2 potions of heal wounds
 J - 2 potions of haste {unknown}
 K - a potion of berserk rage {unknown}
 O - a potion of brilliance {unknown}
 W - a potion of magic {unknown}
Books
 a - a book of Flames

   Spells                             Type                      Level
   a - Flame Tongue                   Conjuration/Fire             1
   b - Throw Flame                    Conjuration/Fire             2
   c - Conjure Flame                  Conjuration/Fire             3
   d - Inner Flame                    Hexes/Fire                   3
   e - Sticky Flame                   Conjuration/Fire             4
   f - Fireball                       Conjuration/Fire             5
 N - a book of Fire

   Spells                             Type                      Level
   a - Ignite Poison                  Fire/Transmutation/Poison    3
   b - Fireball                       Conjuration/Fire             5
   c - Bolt of Fire                   Conjuration/Fire             6
   d - Delayed Fireball               Conjuration/Fire             7
   e - Ring of Flames                 Charms/Fire                  7
 R - a book of Battle

   Spells                             Type                      Level
   a - Infusion                       Charms                       1
   b - Shroud of Golubria             Charms/Translocation         2
   c - Song of Slaying                Charms                       2
   d - Spectral Weapon                Hexes/Charms                 3
   e - Regeneration                   Charms/Necromancy            3
Comestibles
 b - 3 bread rations
 G - 9 fruits
 V - 6 beef jerkies
 Z - 9 royal jellies


   Skills:
 - Level 1.7 Dodging
 - Level 1.7 Stealth
   Level 1.0 Shields
 - Level 6.0 Spellcasting
 + Level 11.9 Conjurations
 + Level 12.2 Fire Magic


You had one spell level left.
You knew the following spells:

 Your Spells              Type           Power        Failure   Level  Hunger
a - Flame Tongue          Conj/Fire      #####        1%          1    None
b - Fireball              Conj/Fire      #####.....   1%          5    #####..
c - Conjure Flame         Conj/Fire      #####...     1%          3    ##.....
d - Sticky Flame          Conj/Fire      #####...     1%          4    ####...
e - Bolt of Fire          Conj/Fire      #####.....   4%          6    #######
f - Delayed Fireball      Conj/Fire      N/A          28%         7    #######


Dungeon Overview and Level Annotations

Branches:
Dungeon (11/15)            Temple (0/1) D:4
   Lair: D:8-11         Orc: D:9-12

Altars:
Dithmenos
Elyvilon
Kikubaaqudgha
Makhleb
Nemelex Xobeh
Okawaru
Qazlal
Ru
Vehumet
Xom

Annotations:
D:3 Grinder
D:11 Harold


Innate Abilities, Weirdness & Mutations

You can breathe bolts of dispelling energy.
Your rich purple scales are hard (AC +7).
Your body does not fit into most forms of armour.
You are cold-blooded and may be slowed by cold attacks.


Message History

Harold is lightly wounded.
Harold is covered in liquid flames!
You are feeling hungry.
Harold burns!
Harold hits you with a dire flail.
You slice the net and break free!
Harold burns!
You slash Harold!
Harold is moderately wounded.
Harold burns! x2
Harold casts a spell at you. The bolt of fire hits you!
Harold hits you with a dire flail!
You hit Harold.
Harold is heavily wounded.
Harold burns!
Harold stops burning.
Harold hits you but does no damage.
You barely miss Harold.
Harold is heavily wounded.
Harold points at you and mumbles some strange words.
The bolt of fire hits you!
* * * LOW HITPOINT WARNING * * *
Harold hits you with a dire flail.
You die...

....### .. #...... .#
#..... ..# ##....#
..# ##.....# #..#
##......####...###
###..........@.}...#.
.............@.......
........#####(...##..
........## ##...#
....#....# ...# ...
##..<## ...# ..
##...# ...# ##..#
...# #...# ...#
##...#


You could see Harold.

Vanquished Creatures
  A centaur warrior (D:10)
  Psyche (D:9)
  3 trolls
  A tengu conjurer (D:10)
  A freezing wraith (D:9)
  A wraith (D:9)
  A shadow (D:10)
  Eustachio (D:6)
  3 yaks (D:10)
  The ghost of dorian the Ruffian, an amateur NaTm of Cheibriados (D:3)
  A deep elf mage (D:10)
  A steam dragon (D:9)
  3 wyverns
  A soldier ant (D:10)
  A mottled dragon (D:10)
  3 ice beasts
  An orc warrior (D:6)
  3 wasps
  2 black bears
  2 phantoms (D:6)
  3 sky beasts
  5 ogres
  An eye of draining (D:8)
  A crocodile (D:10)
  5 centaurs
  2 giant frogs
  A big kobold (D:10)
  A gnoll sergeant (D:10)
  A wyvern skeleton (D:10)
  A wyvern zombie (D:10)
  4 scorpions
  A vampire bat (D:9)
  3 centaur zombies
  9 wights
  6 crimson imps
  5 hounds
  2 quasits (D:10)
  3 giant frog zombies
  3 centaur skeletons
  2 jellies
  Jessica (D:2)
  3 giant frog skeletons
  11 orc wizards
  4 iguanas
  Natasha (twice) (D:2)
  5 orc priests
  11 worker ants
  A hound skeleton (D:5)
  9 gnolls
  A worker ant zombie (D:9)
  4 adders
  2 shadow imps
  An adder zombie (D:7)
  3 adder skeletons
  3 worms
  A giant gecko (D:1)
  37 orcs
  2 bat skeletons (D:9)
  2 bat zombies (D:9)
  4 goblins
  5 hobgoblins
  11 kobolds
  8 quokkas
  2 ball pythons (D:1)
  4 bats
  5 giant cockroaches
  A giant gecko skeleton (D:4)
  3 giant newts
  14 jackals
  A jackal zombie (D:5)
  A quokka skeleton (D:6)
  4 rats
257 creatures vanquished.

Notes
Turn   | Place    | Note
--------------------------------------------------------------
     0 | D:1      | dorian the Draconian Fire Elementalist began the quest for the Orb.
     0 | D:1      | Reached XP level 1. HP: 14/14 MP: 3/3
    33 | D:1      | Reached XP level 2. HP: 20/20 MP: 0/5
   596 | D:1      | Learned a level 2 spell: Throw Flame
  1093 | D:2      | Reached XP level 3. HP: 26/26 MP: 4/6
  1159 | D:2      | Found a burning altar of Makhleb.
  1160 | D:2      | Found a radiant altar of Vehumet.
  1174 | D:2      | Became a worshipper of Vehumet
  1190 | D:2      | Learned a level 3 spell: Conjure Flame
  1232 | D:2      | Noticed Jessica
  1233 | D:2      | Noticed Natasha
  1260 | D:2      | Killed Jessica
  1430 | D:2      | Found an iron altar of Okawaru.
  1436 | D:2      | Reached skill level 4 in Fire Magic
  1457 | D:2      | Killed Natasha
  1457 | D:2      | Reached XP level 4. HP: 31/33 MP: 1/7
  1517 | D:2      | Noticed Natasha
  1659 | D:2      | Killed Natasha
  1984 | D:2      | Reached * piety under Vehumet
  1984 | D:2      | Offered knowledge of Sandblast by Vehumet.
  2134 | D:2      | Found a sparkling altar of Nemelex Xobeh.
  2182 | D:3      | Noticed Grinder
  2334 | D:3      | Noticed dorian's ghost (amateur NaTm)
  2370 | D:3      | Killed dorian's ghost
  2370 | D:3      | Reached skill level 5 in Fire Magic
  2370 | D:3      | Reached XP level 5. HP: 14/38 MP: 1/8
  2906 | D:3      | Reached XP level 6. HP: 40/45 MP: 2/9
  3277 | D:4      | Reached skill level 1 in Shields
  3645 | D:4      | Found a staircase to the Ecumenical Temple.
  3748 | D:5      | Entered Level 5 of the Dungeon
  3860 | D:5      | Reached skill level 5 in Conjurations
  3877 | D:5      | Reached skill level 6 in Fire Magic
  3877 | D:5      | Your scales start taking on a rich purple colour.
  3877 | D:5      | Reached XP level 7. HP: 47/50 MP: 3/10
  4658 | D:5      | Offered knowledge of Searing Ray by Vehumet.
  4670 | D:5      | Learned a level 4 spell: Sticky Flame
  4875 | D:6      | Reached ** piety under Vehumet
  5097 | D:6      | Noticed Eustachio
  5098 | D:6      | Reached XP level 8. HP: 52/57 MP: 5/14
  5236 | D:6      | Killed Eustachio
  5236 | D:6      | Reached skill level 7 in Fire Magic
  5416 | D:6      | Reached skill level 5 in Spellcasting
  5919 | D:6      | Found a shimmering altar of Xom.
  6229 | D:6      | Reached skill level 8 in Fire Magic
  6274 | D:6      | Offered knowledge of Throw Frost by Vehumet.
  6274 | D:6      | Reached XP level 9. HP: 62/62 MP: 13/18
  6501 | D:7      | Learned a level 5 spell: Fireball
  6508 | D:7      | Learned a level 6 spell: Bolt of Fire
  6631 | D:7      | Reached *** piety under Vehumet
  6768 | D:7      | Found a stormy altar of Qazlal.
  6797 | D:7      | You fall through a shaft for 3 floors!
  6797 | D:10     | Entered Level 10 of the Dungeon
  6825 | D:9      | Found a sparkling altar of Nemelex Xobeh.
  6974 | D:9      | Reached skill level 9 in Fire Magic
  7172 | D:8      | Offered knowledge of Static Discharge by Vehumet.
  7863 | D:8      | Reached **** piety under Vehumet
  8079 | D:8      | Reached skill level 10 in Fire Magic
  8109 | D:9      | Noticed Psyche
  8114 | D:9      | Killed Psyche
  8114 | D:9      | Reached XP level 10. HP: 69/69 MP: 12/19
  8171 | D:9      | Found a sacrificial altar of Ru.
  8175 | D:9      | Found a shadowy altar of Dithmenos.
  8191 | D:9      | Offered knowledge of Venom Bolt by Vehumet.
  8654 | D:9      | Reached skill level 10 in Conjurations
  8750 | D:9      | Noticed a centaur skeleton
  8760 | D:9      | Killed a centaur skeleton
  8895 | D:9      | Learned a level 7 spell: Delayed Fireball
  9237 | D:9      | Found an ancient bone altar of Kikubaaqudgha.
  9510 | D:10     | Reached skill level 11 in Fire Magic
  9672 | D:10     | Reached ***** piety under Vehumet
  9674 | D:10     | Offered knowledge of Poisonous Cloud by Vehumet.
  9727 | D:10     | Found Paumpyix's Weapon Shop.
  9955 | D:10     | Noticed a tengu conjurer
  9983 | D:10     | Killed a tengu conjurer
 10460 | D:9      | Found a white marble altar of Elyvilon.
 10606 | D:10     | Noticed a centaur warrior
 11152 | D:10     | Killed a centaur warrior
 11152 | D:10     | Reached XP level 11. HP: 33/74 MP: 18/20
 11476 | D:10     | Reached skill level 12 in Fire Magic
 12206 | D:11     | Noticed Harold
 12216 | D:11     | Slain by Harold

Action                   |  1- 3 |  4- 6 |  7- 9 | 10-12 || total
-------------------------+-------+-------+-------+-------++-------
Melee: Spear             |    44 |    45 |       |       ||    89
       Short sword       |     6 |       |       |       ||     6
       Halberd           |       |    22 |       |   128 ||   150
       Trident           |       |       |   106 |    19 ||   125
       Flail             |       |       |    19 |       ||    19
       Morningstar       |       |       |       |    12 ||    12
Throw: Tomahawk          |       |       |     6 |       ||     6
 Cast: Flame Tongue      |    37 |    80 |   252 |   214 ||   583
       Throw Flame       |     1 |       |     1 |       ||     2
       Conjure Flame     |       |     2 |     1 |     3 ||     6
       Sticky Flame      |       |       |    16 |    31 ||    47
       Bolt of Fire      |       |       |       |     1 ||     1
 Abil: Breathe Dispellin |       |       |       |     1 ||     1
Evoke: Wand              |       |       |       |     3 ||     3
  Use: Scroll            |     2 |     1 |    11 |     4 ||    18
       Potion            |       |       |     2 |     1 ||     3
 Stab: Sleeping          |     2 |     1 |     1 |     2 ||     6
  Eat: Chunk             |     1 |     4 |    14 |     6 ||    25
       Beef jerky        |     1 |     1 |       |       ||     2
       Bread ration      |       |     1 |       |       ||     1
       Pizza             |       |       |     1 |       ||     1
       Meat ration       |       |       |       |     2 ||     2
       Fruit             |       |       |       |     2 ||     2
